 Dungeon Crawl Stone Soup version 0.23.2-33-g5129a83184 (webtiles) character file.

Game seed: 14814920389474786067

313671 shadizar the Peltast (level 21, -2/137 HPs)
             Began as a Gargoyle Fighter on June 30, 2019.
             Was a High Priest of Okawaru.
             Slain by an iron troll (7 damage)
             ... on level 3 of the Depths.
             The game lasted 01:48:51 (46205 turns).

shadizar the Peltast (Gargoyle Fighter)            Turns: 46205, Time: 01:48:52

Health: -2/137     AC: 54    Str: 31    XL:     21   Next: 33%
Magic:  23/28      EV: 17    Int: 12    God:    Okawaru [*****.]
Gold:   1854       SH: 35    Dex: 12    Spells: 20/20 levels left

rFire    + + .     SeeInvis +   a - +7 broad axe of Gijyicyb {protect, +Rage rElec rPois Int-3}
rCold    + + +     Gourm    .   J - +2 large shield {rN+}
rNeg     + + +     Faith    .   w - +3 plate armour {MR+}
rPois    ∞         Spirit   .   U - +0 helmet {Int+3}
rElec    +         Reflect  +   F - scarf {rC+ rF+}
rCorr    .         Harm     .   k - +2 pair of gloves of Suabupra {rPois rN+ Str+3 Stlth+}
MR       ++...                  S - +1 pair of boots
Stlth    +.........             b - brooch of Shielding {Reflect SH+8}
HPRegen  0.32/turn              I - ring of Intercession {Wiz rC+++ Dex+3 SInv Stlth+}
MPRegen  0.21/turn              K - ring "Idwus" {rPois rF+ Str+3}

@: heroism, finesse, protection aura, flying
A: big wings, negative energy resistance 1, electricity resistance, weak 1,
unbreathing, petrification resistance, rot immunity, AC +16
}: 2/15 runes: decaying, gossamer
a: Stop Flying, Heroism, Finesse, Renounce Religion, Evoke Berserk Rage


You were on level 3 of the Depths.
You worshipped Okawaru.
Okawaru was extremely pleased with you.
You were not hungry.

You visited 8 branches of the dungeon, and saw 36 of its levels.
You visited the Abyss 1 time.
You also visited: Ossuary and Bailey.

You collected 3937 gold pieces.
You spent 2083 gold pieces at shops.

Inventory:

Hand Weapons
 a - the +7 broad axe of Gijyicyb (weapon) {protect, +Rage rElec rPois Int-3}
   (Okawaru gifted it to you on level 6 of the Lair of Beasts)

   It protects the one who uses it against injury (+AC on strike).
   It affects your intelligence (-3).
   It insulates you from electricity.
   It protects you from poison.
   It lets you go berserk.
 L - the +10 mace of the Priest {protect, rPois Str-3 Dex+3 Stlth+, unknown}
   (Okawaru gifted it to you on level 3 of the Depths)

   It protects the one who uses it against injury (+AC on strike).
   It affects your strength (-3).
   It affects your dexterity (+3).
   It protects you from poison.
   It makes you more stealthy.
 M - a +2 vampiric eveningstar
Missiles
 T - 42 tomahawks of returning (quivered)
Armour
 j - the +2 pair of gloves of Focus {rElec Int+3 Slay+3}
   (You found it on level 2 of the Swamp)

   It affects your intelligence (+3).
   It affects your accuracy and damage with ranged weapons and melee attacks
   (+3).
   It insulates you from electricity.
 k - the +2 pair of gloves of Suabupra (worn) {rPois rN+ Str+3 Stlth+}
   (You found it on level 1 of the Swamp)

   It affects your strength (+3).
   It protects you from poison.
   It protects you from negative energy.
   It makes you more stealthy.
 u - the +2 helmet of the Frog {rF- rCorr Str+4 Int+3}
   (Okawaru gifted it to you on level 2 of the Abyss)

   It affects your strength (+4).
   It affects your intelligence (+3).
   It makes you vulnerable to fire.
   It provides partial protection from all sources of acid and corrosion.
 w - a +3 plate armour of magic resistance (worn)
 F - a scarf of resistance (worn)
 J - a +2 large shield of positive energy (worn)
 S - a +1 pair of boots (worn)
 U - a +0 helmet of intelligence (worn)
Jewellery
 b - the brooch of Shielding (around neck) {Reflect SH+8}
   (You bought it in a shop on level 9 of the Dungeon)

   [amulet of reflection]

   It shields you and reflects attacks.
   It affects your SH (+8).
 c - an uncursed ring of protection from cold
 p - an uncursed ring of positive energy
 v - an uncursed ring of resist corrosion
 I - the ring of Intercession (left hand) {Wiz rC+++ Dex+3 SInv Stlth+}
   (You acquired it on level 2 of the Spider Nest)

   [ring of wizardry]

   It improves your spell success rate.
   It affects your dexterity (+3).
   It renders you almost immune to cold.
   It lets you see invisible.
   It makes you more stealthy.
 K - the ring "Idwus" (right hand) {rPois rF+ Str+3}
   (You bought it in a shop on level 9 of the Dungeon)

   [ring of protection from fire]

   It affects your strength (+3).
   It protects you from fire.
   It protects you from poison.
Wands
 x - a wand of iceblast (27)
 y - a wand of disintegration (16)
 A - a wand of clouds (6)
 D - a wand of flame (20)
 O - a wand of scattershot (6)
 X - a wand of acid (20)
Scrolls
 h - 9 scrolls of enchant weapon
 i - 4 scrolls of magic mapping
 l - 22 scrolls of identify
 o - 6 scrolls of enchant armour
 q - 16 scrolls of remove curse
 r - 15 scrolls of teleportation
 R - a scroll of holy word
 W - 3 scrolls of blinking
Potions
 d - 3 potions of magic
 e - 6 potions of curing
 n - 7 potions of invisibility
 s - 7 potions of haste
 z - 3 potions of cancellation
 B - 5 potions of might
 C - 4 potions of ambrosia
 E - 3 potions of berserk rage
 H - a potion of resistance
 N - a potion of brilliance
 V - 2 potions of agility
Miscellaneous
 g - a lamp of fire
 m - a phantom mirror
 G - a box of beasts
 Q - a phial of floods
 Z - a fan of gales
Comestibles
 f - 79 rations
 t - 5 chunks of flesh


   Skills:
 + Level 16.7(21.7) Fighting
 * Level 8.0(17.1) Axes
 - Level 15.3(21.1) Maces & Flails
 + Level 16.8(21.8) Armour
 + Level 12.9(17.9) Dodging
 - Level 0.4(5.4) Stealth
 + Level 17.4(22.4) Shields
 - Level 10.0 Invocations
 - Level 9.1 Evocations


You had 20 spell levels left.
You didn't know any spells.
Your spell library contained the following spells:

 Spells                   Type           Power        Failure   Level  Hunger
 Apportation              Tloc           #.....       52%         1    ##.....
 Flame Tongue             Conj/Fire      #....        52%         1    ##.....
 Shock                    Conj/Air       #...         52%         1    ##.....
 Summon Butterflies       Summ           #.......     52%         1    ##.....
 Corpse Rot               Necr           N/A          65%         2    ###....
 Poisonous Vapours        Pois/Air       #.....       65%         2    ###....
 Swiftness                Chrm/Air       #.......     65%         2    ###....
 Throw Flame              Conj/Fire      #.....       65%         2    ###....
 Conjure Flame            Conj/Fire      #.......     86%         3    ####...
 Ignite Poison            Fire/Tmut/Pois #.......     86%         3    ####...
 Inner Flame              Hex/Fire       #.......     86%         3    ####...
 Lesser Beckoning         Tloc           #.........   86%         3    ####...
 Mephitic Cloud           Conj/Pois/Air  #.......     86%         3    ####...
 Static Discharge         Conj/Air       #.......     86%         3    ####...
 Stone Arrow              Conj/Erth      #.....       86%         3    ####...
 Tukima's Dance           Hex            #.......     86%         3    ####...
 Airstrike                Air            #.........   99%         4    #####..
 Leda's Liquefaction      Hex/Erth       #.........   99%         4    #####..
 Petrify                  Tmut/Erth      #.......     99%         4    #####..
 Sticky Flame             Conj/Fire      #.......     99%         4    #####..
 Alistair's Intoxication  Tmut/Pois      #.......     100%        5    ######.
 Bolt of Magma            Conj/Fire/Erth #.........   100%        5    ######.
 Fireball                 Conj/Fire      #.........   100%        5    ######.
 Irradiate                Conj/Tmut      #.........   100%        5    ######.
 Iskenderun's Battlesphe  Conj/Chrm      #.......     100%        5    ######.
 Lightning Bolt           Conj/Air       #.........   100%        5    ######.
 Summon Forest            Summ/Tloc      #.........   100%        5    ######.
 Venom Bolt               Conj/Pois      #.........   100%        5    ######.
 Freezing Cloud           Conj/Ice/Air   #.........   100%        6    #######
 Hydra Form               Tmut           #.........   100%        6    #######
 Invisibility             Hex            #.......     100%        6    #######
 Iron Shot                Conj/Erth      #.........   100%        6    #######
 Orb of Destruction       Conj           #.........   100%        7    #######
 Ring of Flames           Chrm/Fire      #.........   100%        7    #######
 Spellforged Servitor     Conj/Summ      #.........   100%        7    #######
 Summon Hydra             Summ           #.........   100%        7    #######
 Sublimation of Blood     Necr           Unusable     N/A         2    N/A

Dungeon Overview and Level Annotations

Branches:
Dungeon (15/15)            Temple (1/1) D:6            Lair (6/6) D:10
  Swamp (4/4) Lair:4       Spider (4/4) Lair:3        Slime (0/5) Lair:5
    Orc (2/2) D:9             Elf (0/3) Orc:2        Vaults (1/5) D:14
 Depths (3/5) D:15

Altars:
Ashenzari
Cheibriados
Dithmenos
Elyvilon
Fedhas
Gozag
Hepliaklqana
Kikubaaqudgha
Makhleb
Nemelex Xobeh
Okawaru
Qazlal
Ru
Sif Muna
Trog
Uskayaw
Vehumet
Wu Jian
Xom
Yredelemnul
Zin
The Shining One

Shops:
D:5 *   D:6 *   D:9 =   D:15 ?   Orc:2 ?*[(=   Depths:2 *[

Portals:
Hell: Depths:1 Depths:2
Abyss: Depths:3
Ziggurat: Depths:2

Annotations:
D:9 exclusion: ice statue
Lair:1 exclusion: oklob plant
Lair:2 exclusion: oklob plant
Swamp:3 2 transporters, Curus's ghost, adept MiMo


Innate Abilities, Weirdness & Mutations

You are resistant to torment.
Your stone body is resilient. (AC +16)
You are immune to poison.
Your large and strong wings let you fly indefinitely.
You resist negative energy. (rN+)
You are resistant to electric shocks. (rElec)
You can survive without breathing.
You are immune to petrification.
You are immune to rotting.
You are weak. (Str -2)


Message History

* * * LOW HITPOINT WARNING * * *
You block the deep troll earth mage's attack.
The iron troll closely misses you. You block the iron troll's attack.
The iron troll claws you but does no damage.
The deep troll shaman mumbles some strange prayers to its god.
The deep troll shaman is healed somewhat.
You block the iron troll's attack. The iron troll claws you!
* * * LOW HITPOINT WARNING * * *
The iron troll completely misses you.
Unknown command.
Unknown command.
Unknown command.
You feel better.
You block the deep troll earth mage's attack. x2
The deep troll earth mage claws you.
* * * LOW HITPOINT WARNING * * *
The iron troll bites you.
* * * LOW HITPOINT WARNING * * *
You block the iron troll's attack. The iron troll claws you!
You die...

#.. #.# #.# #.# ... #.#
#.# .... ##.# #.# ....
...# #.# .....
##.######.#########.....
#.....................
.?..
#.#####.##....TTT.###
....... #.# #.# #†@T#
....... #.# #.# #...##
....... #.# #.# #(#..##
....... #.#
#.#####..##..#####......
#..
............[÷÷.........
#.#
##.##.###.###[)....####
#.# . ## ##...[.).(...#
..# #.............# ..#
#....≈≈≈≈≈......#


You could see 2 iron trolls, a deep troll earth mage and a deep troll shaman.

Vanquished Creatures
  Sojobo (Depths:1)
  A greater mummy (Depths:3)
  Saint Roka (Depths:2)
  A lich (Depths:1)
  The ghost of Cuful the Crack Shot, an adept CeHu of Okawaru (Spider:2)
  A titan (Depths:2)
  A thorn hunter (Swamp:4)
  Agnes (D:15)
  Kirke (Lair:4)
  2 tengu reavers (Depths:2)
  4 fire giants
  Roxanne (Spider:1)
  A frost giant (D:9)
  2 orc warlords
  7 emperor scorpions
  Aizul (Spider:2)
  3 ghost moths
  4 vault wardens (Vaults:1)
  An ironheart preserver (Vaults:1)
  The ghost of kae the Severer, a journeyman HOFi of Beogh (Lair:6)
  11 very ugly things
  An entropy weaver (Spider:3)
  Nessos (D:13)
  10 stone giants
  4 dire elephants (Lair:6)
  4 spark wasps
  Azrael (Spider:1)
  7 ettins
  A blizzard demon (Abyss:2)
  3 fire dragons (Depths:1)
  10 ice dragons
  A yaktaur captain (Depths:1)
  5 rakshasas
  6 great orbs of eyes
  7 ghost crabs
  A vault guard (D:14)
  Fannar (Lair:1)
  Erica (D:10)
  2 catoblepae
  29 hydras
  An anaconda (Lair:6)
  11 alligators
  7 dancing weapons (Spider:2)
  9 centaur warriors
  7 deep troll earth magi
  A hell hog (Abyss:2)
  5 deep troll shamans
  7 death yaks (Lair:5)
  5 ogre magi
  18 two-headed ogres
  A spriggan berserker (Depths:2)
  3 tengu warriors
  A storm dragon zombie (D:15)
  Sonja (D:9)
  A wretched star (Abyss:2)
  2 skeletal warriors (D:15)
  A golden dragon zombie (D:15)
  An iron troll (Depths:1)
  20 deep trolls
  4 unseen horrors
  13 swamp dragons
  2 glowing orange brains (Abyss:2)
  4 spriggan druids
  A lindwurm (Lair:4)
  2 flayed ghosts
  3 necromancers
  2 wizards
  23 orb spiders
  A mana viper (shapeshifter) (Depths:1)
  29 wolf spiders
  5 orc knights
  6 orc sorcerers
  4 manticores
  12 ugly things
  2 deep elf magi
  A cyclops (D:15)
  A worldbinder (Abyss:2)
  6 elephants
  4 centaur zombies
  2 moths of wrath
  Maurice (D:8)
  A rust devil (Abyss:2)
  Joseph (D:10)
  5 black mambas
  3 apocalypse crabs (Swamp:1)
  An orange demon (Abyss:2)
  2 smoke demons (Abyss:2)
  3 torpor snails
  2 gargoyles
  A spriggan skeleton (D:15)
  An efreet (D:15)
  16 komodo dragons
  12 spiny frogs
  2 rime drakes
  13 demonic crawlers
  4 yaktaurs (Depths:1)
  4 tengu conjurers
  A red devil (Depths:1)
  2 ancient zymes (Abyss:2)
  9 tyrant leeches
  2 polar bears
  6 meliai
  26 jumping spiders
  3 trolls
  25 hornets
  Prince Ribbit (D:8)
  A fire dragon zombie (D:15)
  15 slime creatures
  3 meliai zombies
  A raiju (Abyss:2)
  25 blink frogs
  10 hippogriffs
  5 dream sheep
  10 bog bodies
  3 shadows
  44 yaks
  15 wyverns
  9 spriggans
  42 tarantellas
  A vampire (D:14)
  78 redbacks
  3 wraiths
  A hog (shapeshifter) (D:14)
  21 humans (D:14)
  3 basilisks
  3 hogs (Lair:4)
  3 fire elementals (Spider:1)
  18 vampire mosquitoes
  A neqoxec (Abyss:2)
  2 hungry ghosts
  Grum (Lair:1)
  2 chaos spawn (Abyss:2)
  3 soldier ants
  3 wargs (Orc:2)
  7 insubstantial wisps
  16 swamp worms
  14 water moccasins
  3 hell hounds (Spider:1)
  11 porcupines
  64 orc warriors
  2 black bears
  24 ice beasts
  10 sky beasts
  An eye of draining (D:9)
  2 necrophages
  3 boggarts (D:12)
  13 swamp drakes
  13 wolves
  20 ogres
  3 phantoms
  22 centaurs
  7 large abominations (Abyss:2)
  17 crocodiles
  A big kobold (D:14)
  26 bullfrogs
  3 gnoll sergeants
  A water moccasin zombie (D:9)
  3 scorpions
  3 small abominations (Abyss:2)
  13 killer bees (D:11)
  30 wights
  6 electric eels
  5 howler monkeys
  11 crimson imps
  5 jellies
  3 bullfrog zombies
  3 quasits
  16 orc priests
  13 hounds
  28 orc wizards
  2 bullfrog skeletons
  2 centaur skeletons
  7 hell rats (Lair:5)
  7 iguanas
  11 worker ants
  A hound skeleton (D:4)
  A worker ant zombie (D:11)
  14 adders
  21 gnolls
  A river rat (Lair:1)
  6 shadow imps
  A white imp (Abyss:2)
  An ufetubus (Abyss:2)
  3 adder zombies (Ossuary)
  An adder skeleton (D:7)
  2 worms
  6 leopard geckos
  111 orcs
  7 bats
  5 giant cockroaches
  10 goblins
  8 hobgoblins
  11 jackals
  2 quokkas
  A ball python (D:3)
  5 frilled lizards
  A hobgoblin skeleton (Ossuary)
  A hobgoblin zombie (Ossuary)
  24 kobolds
  A kobold zombie (Ossuary)
  2 leopard gecko skeletons
  A leopard gecko zombie (D:6)
  3 orc skeletons (Ossuary)
  An orc zombie (Ossuary)
  5 rats
  3 fungi (Orc:2)
  6 plants (Lair:6)
1561 creatures vanquished.

Vanquished Creatures (others)
  An entropy weaver (Spider:4)
  A yaktaur captain (Depths:2)
  A centaur warrior (Depths:2)
  2 spriggan druids
  An orb spider (Spider:4)
  3 yaktaurs (Depths:2)
  A swamp drake (Swamp:1)
  3 centaurs (Depths:2)
  A crimson imp (D:13)
  A quokka (D:10)
  4 briar patches (Swamp:4)
  13 fungi
  7 plants
39 creatures vanquished.

Grand Total: 1600 creatures vanquished

Notes
Turn   | Place    | Note
-------+----------+-------------------------------------------
     0 | D:1      | shadizar the Gargoyle Fighter began the quest for the Orb.
     0 | D:1      | Reached XP level 1. HP: 14/14 MP: 1/1
   264 | D:1      | Reached XP level 2. HP: 15/19 MP: 2/2
   924 | D:2      | Found an ancient bone altar of Kikubaaqudgha.
   979 | D:2      | Reached XP level 3. HP: 9/23 MP: 3/3
  1333 | D:2      | Reached skill level 4 in Shields
  1376 | D:2      | Found an ornate altar of the Wu Jian Council.
  1519 | D:2      | Found a basalt altar of Yredelemnul.
  1551 | D:2      | Reached XP level 4. HP: 21/29 MP: 4/4
  2256 | D:3      | Reached XP level 5. HP: 33/33 MP: 5/5
  2325 | D:3      | Reached skill level 1 in Dodging
  2969 | D:4      | Reached XP level 6. HP: 38/38 MP: 6/6
  2995 | D:4      | Found a hazy altar of Hepliaklqana.
  3156 | D:4      | Reached XP level 7. HP: 41/44 MP: 7/7
  3287 | D:4      | Reached skill level 5 in Shields
  3443 | D:5      | Entered Level 5 of the Dungeon
  3557 | D:5      | Reached skill level 5 in Maces & Flails
  3557 | D:5      | Reached skill level 5 in Armour
  3778 | D:5      | Found Burer's General Store.
  3825 | D:5      | Reached XP level 8. HP: 30/48 MP: 8/8
  4026 | D:5      | Reached skill level 5 in Fighting
  4222 | D:4      | Reached skill level 6 in Shields
  5221 | D:6      | Found a staircase to the Ecumenical Temple.
  5235 | Temple   | Entered the Ecumenical Temple
  5395 | D:6      | Found a shimmering altar of Xom.
  5531 | D:5      | Reached XP level 9. HP: 54/54 MP: 9/9
  6105 | D:6      | Found a bloodstained altar of Trog.
  6114 | D:6      | Found a shimmering altar of Xom.
  6114 | D:6      | Found a shimmering altar of Xom.
  6115 | D:6      | Found a shimmering altar of Xom.
  6124 | D:6      | Found a shimmering altar of Xom.
  6241 | D:6      | Found Umuwnung's General Store.
  6339 | D:6      | Reached skill level 7 in Shields
  6452 | D:7      | Found a hide-covered altar of Uskayaw.
  6638 | D:7      | Found an iron altar of Okawaru.
  6675 | D:7      | Reached skill level 8 in Shields
  6694 | D:7      | Became a worshipper of Warmaster Okawaru
  6719 | D:7      | Found a sand-covered staircase.
  6726 | Ossuary  | Entered an ossuary
  7273 | D:7      | Reached * piety under Okawaru
  7273 | D:7      | Reached skill level 1 in Invocations
  7273 | D:7      | Reached XP level 10. HP: 60/61 MP: 10/10
  7744 | D:8      | Reached skill level 9 in Shields
  7838 | D:8      | Noticed Prince Ribbit
  7883 | D:8      | Killed Prince Ribbit
  7883 | D:8      | Reached ** piety under Okawaru
  8109 | D:8      | Noticed Maurice
  8153 | D:8      | Killed Maurice
  8218 | D:8      | Found a glowing golden altar of the Shining One.
  8528 | D:9      | Reached *** piety under Okawaru
  8545 | D:9      | Reached XP level 11. HP: 56/67 MP: 13/13
  8620 | D:9      | Found a snail-covered altar of Cheibriados.
  8778 | D:9      | Found a staircase to the Orcish Mines.
  8907 | D:9      | Found Qoeleb's Jewellery Shop.
  9440 | D:10     | Entered Level 10 of the Dungeon
  9440 | D:10     | Noticed Erica
  9489 | D:10     | Killed Erica
  9489 | D:10     | Reached **** piety under Okawaru
  9709 | D:10     | Noticed Sonja
  9735 | D:9      | Killed Sonja
  9735 | D:9      | Reached skill level 10 in Maces & Flails
  9810 | D:10     | Reached skill level 10 in Shields
  9883 | D:10     | Noticed Joseph
  9930 | D:10     | Killed Joseph
  9930 | D:10     | Reached skill level 5 in Invocations
 10166 | D:10     | Found a staircase to the Lair.
 10381 | Lair:1   | Entered Level 1 of the Lair of Beasts
 10431 | Lair:1   | Reached ***** piety under Okawaru
 10465 | Lair:1   | Noticed Grum
 10517 | Lair:1   | Received a gift from Okawaru
 10842 | D:10     | Reached skill level 5 in Dodging
 10917 | Lair:1   | Killed Grum
 10917 | Lair:1   | Reached XP level 12. HP: 44/75 MP: 16/16
 10946 | Lair:1   | Got a pitted scale mail
 11108 | Lair:1   | Noticed Fannar
 11132 | Lair:1   | Killed Fannar
 11277 | Lair:1   | Received a gift from Okawaru
 11280 | Lair:1   | Got a dazzling buckler {god gift}
 11531 | Lair:1   | Noticed a six-headed hydra
 11531 | Lair:1   | Noticed a seven-headed hydra
 11551 | Lair:1   | Killed a six-headed hydra
 11560 | Lair:1   | Killed a seven-headed hydra
 11878 | Lair:1   | Identified the +4 scale mail "Wimuekoh" {rN+++ MR- Regen+
                  | Stlth+} (You found it on level 1 of the Lair of Beasts)
 11888 | Lair:1   | Identified the +1 buckler "Urefutal" {+Fly} (Okawaru gifted
                  | it to you on level 1 of the Lair of Beasts)
 12216 | Lair:2   | Noticed a four-headed hydra
 12229 | Lair:2   | Killed a four-headed hydra
 12602 | Lair:2   | Found a glowing silver altar of Zin.
 12681 | Lair:2   | Reached skill level 11 in Shields
 13318 | Lair:3   | Reached XP level 13. HP: 65/82 MP: 18/18
 13381 | Lair:3   | Received a gift from Okawaru
 13381 | Lair:3   | Reached skill level 10 in Armour
 13395 | Lair:3   | Found a hole to the Spider Nest.
 13441 | Lair:3   | Reached skill level 10 in Fighting
 14415 | Lair:4   | Received a gift from Okawaru
 14647 | Lair:4   | Noticed Kirke
 14697 | Lair:4   | Killed Kirke
 15054 | Lair:4   | Found a staircase to the Swamp.
 15437 | Lair:5   | Reached skill level 12 in Shields
 15549 | Lair:5   | Found a staircase to the Slime Pits.
 15593 | Lair:5   | Gained mutation: Your large and strong wings let you fly
                  | indefinitely. [Gargoyle growth]
 15593 | Lair:5   | Reached XP level 14. HP: 88/88 MP: 20/20
 16037 | Lair:5   | Received a gift from Okawaru
 16051 | Lair:5   | Got a steaming great mace {god gift}
 16682 | Lair:6   | Entered Level 6 of the Lair of Beasts
 17613 | Lair:6   | Noticed kae's ghost (journeyman HOFi)
 17614 | Lair:6   | Found a runed translucent door.
 17660 | Lair:6   | Killed kae's ghost
 17660 | Lair:6   | Received a gift from Okawaru
 17667 | Lair:6   | Got an ancient broad axe {god gift}
 17706 | Lair:6   | Identified the +7 broad axe of Gijyicyb {protect, +Rage
                  | rElec rPois Int-3} (Okawaru gifted it to you on level 6 of
                  | the Lair of Beasts)
 17707 | Lair:6   | Identified the +1 great mace of Eternal War {crush, *Noise
                  | +Rage Str-3 Dex+9} (Okawaru gifted it to you on level 5 of
                  | the Lair of Beasts)
 17780 | Lair:6   | Reached skill level 1 in Axes
 18025 | Lair:6   | Reached skill level 10 in Invocations
 18476 | Lair:6   | Noticed a dire elephant
 18476 | Lair:6   | Noticed a dire elephant
 18500 | Lair:6   | Killed a dire elephant
 18518 | Lair:6   | Killed a dire elephant
 18518 | Lair:6   | Received a gift from Okawaru
 18651 | Lair:6   | Noticed a dire elephant
 18666 | Lair:6   | Killed a dire elephant
 18765 | Lair:6   | Reached XP level 15. HP: 95/96 MP: 22/22
 19297 | D:9      | Got a crude ivory amulet
 19384 | D:9      | Noticed a frost giant
 19406 | D:9      | Killed a frost giant
 19552 | Orc:1    | Entered Level 1 of the Orcish Mines
 19681 | Orc:1    | Reached skill level 13 in Shields
 19743 | Orc:1    | Noticed an orc warlord
 19790 | Orc:1    | Killed an orc warlord
 19790 | Orc:1    | Received a gift from Okawaru
 19856 | Orc:1    | Found a flagged portal.
 19864 | Bailey   | Entered a bailey
 19982 | Bailey   | Identified the amulet "Ybrapnus" {RegenMP +Fly} (You found
                  | it on level 9 of the Dungeon)
 20892 | Orc:2    | Entered Level 2 of the Orcish Mines
 20994 | Orc:2    | Found Ruaqe's Jewellery Emporium.
 21040 | Orc:2    | Found Wuvvypim's Antique Armour Emporium.
 21040 | Orc:2    | Noticed an orc warlord
 21080 | Orc:2    | Killed an orc warlord
 21184 | Orc:2    | Paralysed by an orc sorcerer for 6 turns
 21192 | Orc:2    | Reached skill level 5 in Axes
 21552 | Orc:2    | Found Hoss's Antique Weapon Boutique.
 21639 | Orc:2    | Found Teobb's General Store.
 21738 | Orc:2    | Found Anoupeh's Magic Scroll Shoppe.
 21738 | Orc:2    | Found a staircase to the Elven Halls.
 22265 | Swamp:1  | Entered Level 1 of the Swamp
 22702 | Swamp:1  | Received a gift from Okawaru
 22948 | Swamp:1  | Found a runed translucent door.
 23608 | Swamp:1  | Reached XP level 16. HP: 100/103 MP: 23/23
 23631 | Swamp:1  | Got an amber-studded leather armour
 24014 | Swamp:1  | Got a pair of crude gloves
 24061 | Swamp:1  | Identified the +2 pair of gloves of Suabupra {rPois rN+
                  | Str+3 Stlth+} (You found it on level 1 of the Swamp)
 24463 | Swamp:1  | Identified the +1 leather armour of Leaves {*Contam rF+ rN+
                  | Dex+7} (You found it on level 1 of the Swamp)
 24951 | Swamp:2  | Reached skill level 1 in Evocations
 25274 | Swamp:2  | Got a pair of shimmering gloves
 25323 | Swamp:2  | Got a slimy leather armour
 25336 | Swamp:2  | Identified the +2 pair of gloves of Focus {rElec Int+3
                  | Slay+3} (You found it on level 2 of the Swamp)
 25437 | Swamp:2  | Identified the +1 leather armour "Ryicy" {rElec rCorr
                  | Slay+2} (You found it on level 2 of the Swamp)
 25512 | Swamp:3  | Found a transporter.
 25512 | Swamp:3  | Noticed Curus's ghost (adept MiMo)
 25529 | Swamp:3  | Found a transporter.
 25776 | Swamp:3  | Reached ****** piety under Okawaru
 26263 | Swamp:4  | Entered Level 4 of the Swamp
 26357 | Swamp:4  | Reached skill level 14 in Shields
 26453 | Swamp:4  | Received a gift from Okawaru
 26514 | Swamp:4  | Noticed a thorn hunter
 26558 | Swamp:4  | Killed a thorn hunter
 26826 | Swamp:4  | Received a gift from Okawaru
 27170 | Swamp:4  | Got a decaying rune of Zot
 27650 | Swamp:4  | Reached XP level 17. HP: 100/109 MP: 24/24
 27887 | Spider:1 | Entered Level 1 of the Spider Nest
 27887 | Spider:1 | Identified Roxanne's Compendium of Shape Shifting
 27887 | Spider:1 | Noticed Roxanne
 28193 | D:11     | Reached skill level 10 in Dodging
 29569 | D:13     | You are sucked into a shaft!
 29601 | D:14     | You are sucked into a shaft!
 29601 | D:15     | Entered Level 15 of the Dungeon
 29621 | D:15     | Noticed Agnes
 29639 | D:15     | Killed Agnes
 29745 | D:15     | Found a staircase to the Depths.
 29999 | D:15     | Found Ywky's Magic Scroll Shop.
 30049 | D:15     | Received a gift from Okawaru
 30546 | D:14     | Reached skill level 5 in Evocations
 30713 | D:14     | Found a blossoming altar of Fedhas.
 31106 | D:14     | Cast into level 2 of the Abyss (a wizard)
 31244 | Abyss:2  | Found a blossoming altar of Fedhas.
 31301 | Abyss:2  | Received a gift from Okawaru
 31301 | Abyss:2  | Reached skill level 15 in Shields
 31304 | Abyss:2  | Got an ancient helmet {god gift}
 31422 | Abyss:2  | Gained mutation: You are weak. (Str -2) [a neqoxec]
 31442 | Abyss:2  | Identified the +2 helmet of the Frog {rF- rCorr Str+4
                  | Int+3} (Okawaru gifted it to you on level 2 of the Abyss)
 31683 | D:14     | Escaped the Abyss
 32028 | D:14     | Found a gate to the Vaults.
 32031 | D:14     | Reached XP level 18. HP: 116/116 MP: 22/25
 32288 | D:13     | Noticed Nessos
 32320 | D:13     | Killed Nessos
 33604 | Vaults:1 | Entered Level 1 of the Vaults
 33726 | Vaults:1 | HP: 3/117 [vault warden/+3 long sword (17)]
 34291 | Spider:1 | Killed Roxanne
 34639 | Spider:1 | Noticed Azrael
 34649 | Spider:1 | Killed Azrael
 35209 | Spider:1 | Received a gift from Okawaru
 35782 | Spider:2 | Got a pitted war axe
 35948 | Spider:2 | Found a transporter.
 35970 | Spider:2 | Noticed Cuful's ghost (adept CeHu)
 36021 | Spider:2 | Noticed Aizul
 36049 | Spider:2 | Killed Aizul
 36345 | Spider:2 | Found a transporter.
 36349 | Spider:2 | Found the +27 Lear's hauberk
 36373 | Spider:2 | Reached skill level 15 in Armour
 36425 | Spider:2 | Killed Cuful's ghost
 36425 | Spider:2 | Reached skill level 15 in Fighting
 36487 | Spider:2 | Got a pair of brightly glowing gloves
 36532 | Spider:2 | Reached XP level 19. HP: 75/124 MP: 26/26
 36732 | Spider:2 | Found a runed translucent door.
 36776 | Spider:2 | Identified the +0 pair of gloves of the Salamander {rN+}
                  | (You found it on level 2 of the Spider Nest)
 36975 | Spider:2 | Identified a scroll of acquirement
 36979 | Spider:2 | Got a fine wooden ring
 36983 | Spider:2 | Identified the ring of Intercession {Wiz rC+++ Dex+3 SInv
                  | Stlth+} (You acquired it on level 2 of the Spider Nest)
 36994 | Spider:2 | Identified the +4 war axe of Linusch {chop, rPois rN+ Int-4
                  | SInv} (You found it on level 2 of the Spider Nest)
 37630 | Spider:3 | Received a gift from Okawaru
 37699 | Spider:3 | Reached skill level 16 in Shields
 38662 | Spider:4 | Entered Level 4 of the Spider Nest
 39984 | Spider:4 | Reached skill level 15 in Maces & Flails
 40110 | Spider:4 | Got a gossamer rune of Zot
 40484 | Spider:4 | Received a gift from Okawaru
 40870 | Depths:1 | Entered Level 1 of the Depths
 41007 | Depths:1 | Found a gateway to Hell.
 41131 | Depths:1 | Reached XP level 20. HP: 62/131 MP: 27/27
 42339 | D:9      | Bought the brooch of Shielding {Reflect SH+8} for 1488 gold
                  | pieces
 42339 | D:9      | Found the brooch of Shielding {Reflect SH+8}
 42339 | D:9      | Bought the ring "Idwus" {rPois rF+ Str+3} for 595 gold
                  | pieces
 43323 | Depths:2 | Noticed Sojobo
 43618 | Depths:1 | Received a gift from Okawaru
 43637 | Depths:1 | Killed Sojobo
 44390 | Depths:2 | Reached skill level 17 in Shields
 44435 | Depths:2 | Found a gateway to a ziggurat.
 44755 | Depths:2 | Noticed Saint Roka
 45050 | Depths:2 | Reached XP level 21. HP: 133/137 MP: 28/28
 45118 | Depths:2 | Killed Saint Roka
 45311 | Depths:2 | Found Epnuteso's Changing Room.
 45427 | Depths:2 | Found Lamuof's Armour Shoppe.
 45657 | Depths:3 | Found a one-way gate to the infinite horrors of the Abyss.
 45959 | Depths:3 | Received a gift from Okawaru
 45975 | Depths:3 | Noticed a greater mummy
 46007 | Depths:3 | Killed a greater mummy
 46017 | Depths:3 | Got a shimmering mace {god gift}
 46205 | Depths:3 | HP: 5/137 [iron troll (3)]
 46205 | Depths:3 | Slain by an iron troll

Skill      XL: |  1  2  3  4  5  6  7  8  9 10 11 12 13 14 15 16 17 18 19 20 21 |
---------------+----------------------------------------------------------------+-----
Shields        | 4 5 6 8 9 10 11 12 13 14 15 16 17 | 17.4
Fighting       | 4 5 6 7 8 9 10 11 12 13 14 15 16 | 16.7
Armour         | 4 5 6 7 8 9 10 11 12 13 14 15 16 | 16.8
Dodging        | 1 2 3 5 6 7 8 9 10 11 12 | 12.9
Maces & Flails | 3 4 5 7 8 9 10 11 12 13 14 15 | 15.3
Invocations    | 1 3 5 7 9 10 | 10.0
Axes           | 3 5 7 8 |  8.0
Evocations     | 3 5 7 8 9 |  9.1
Stealth        | |  0.4

Action                   |  1- 3 |  4- 6 |  7- 9 | 10-12 | 13-15 | 16-18 | 19-21 || total
-------------------------+-------+-------+-------+-------+-------+-------+-------++-------
Melee: Flail             |   120 |   226 |   660 |  1575 |    37 |       |       ||  2618
       Morningstar       |       |       |       |       |  1739 |  2662 |  1079 ||  5480
       Unarmed           |       |       |       |       |    10 |       |       ||    10
       Broad axe         |       |       |       |       |   146 |       |   407 ||   553
Invok: Heroism           |       |       |       |    16 |    45 |    21 |    25 ||   107
       Finesse           |       |       |       |     2 |     8 |     9 |     9 ||    28
 Abil: Fly               |       |       |       |       |     1 |       |       ||     1
  Use: Potion            |       |       |     1 |       |     2 |     7 |     5 ||    15
       Scroll            |       |       |       |    12 |    21 |     6 |    10 ||    49
 Stab: Confused          |       |       |       |       |     1 |       |     2 ||     3
       Distracted        |       |       |       |       |       |       |     1 ||     1
  Eat: Chunk             |     1 |     7 |    14 |    38 |    35 |    40 |    28 ||   163
       Ration            |       |       |       |       |       |     1 |     1 ||     2
Armor: Scale mail        |    84 |   130 |   116 |       |       |       |       ||   330
       Plate armour      |       |       |   188 |   615 |   859 |  1556 |   771 ||  3989
Dodge: Dodged            |    50 |   107 |    99 |   212 |   387 |   693 |   533 ||  2081
Block: Shield            |    73 |   136 |   122 |       |       |       |       ||   331
       Large shield      |       |       |   312 |  1291 |  1829 |  2915 |  2007 ||  8354
       Reflection        |       |       |       |       |       |       |    41 ||    41
